 Dungeon Crawl Stone Soup version 0.28.0-45-g0d030f2227 (webtiles) character file.

Game seed: 16809099563237714056

133 Iusername the Covered (level 4, -2/41 HPs)
             Began as a Minotaur Fighter on Apr 6, 2022.
             Killed from afar by an electric eel (6 damage)
             ... with a bolt of electricity
             ... on level 4 of the Dungeon.
             The game lasted 00:08:44 (2477 turns).

Iusername the Covered (Minotaur Fighter)            Turns: 2477, Time: 00:08:44

Health: -2/41      AC: 11    Str: 23    XL:     4   Next: 94%
Magic:  3/3        EV:  9    Int:  5    God:
Gold:   131        SH:  4    Dex:  9    Spells: 3/3 levels left

rFire   . . .      SeeInvis .   r - +3 dagger
rCold   . . .      Faith    .   c - +0 buckler
rNeg    . . .      Spirit   .   b - +0 scale mail
rPois   .          Reflect  .   (helmet restricted)
rElec   .          Harm     .   (no cloak)
rCorr   .          Rampage  .   (no gloves)
Will    +....                   (no boots)
Stlth   ..........              (no amulet)
HPRegen 0.13/turn               i - +4 ring of protection
MPRegen 0.08/turn               s - ring of willpower

@: mighty
A: horns 2, retaliatory headbutt
a: no special abilities


You were on level 4 of the Dungeon.
You visited 1 branch of the dungeon, and saw 4 of its levels.

You collected 131 gold pieces.

Inventory:

Hand Weapons
 a - a +0 trident
 r - a +3 dagger (weapon)
Missiles
 e - 5 poisoned darts
Armour
 b - a +0 scale mail (worn)
 c - a +0 buckler (worn)
Jewellery
 i - a +4 ring of protection (left hand)
 s - a ring of willpower (right hand)
Wands
 n - a wand of flame (35) (quivered)
Scrolls
 f - 3 scrolls of enchant weapon {unknown}
 g - 2 scrolls of torment {unknown}
 h - a scroll of noise {unknown}
 k - 2 scrolls of immolation {unknown}
 l - a scroll of identify {unknown}
 m - a scroll of blinking {unknown}
 q - a scroll of fog {unknown}
Potions
 j - 2 potions of curing {unknown}
 o - a potion of mutation {unknown}
 p - a potion of haste {unknown}
 t - a potion of berserk rage {unknown}
 u - 2 potions of attraction {unknown}
 v - a potion of flight {unknown}


   Skills:
 + Level 4.3 Fighting
 + Level 0.6 Short Blades
 + Level 3.8 Polearms
 + Level 4.9 Armour
 + Level 0.9 Dodging
 + Level 4.1 Shields


You had 3 spell levels left.
You didn't know any spells.
Your spell library contained the following spells:

 Spells                   Type           Power      Damage    Failure   Level
 Foxfire                  Conj/Fire      0%         2x1d4     86%         1
 Conjure Flame            Conj/Fire      0%         6-21      99%         3
 Inner Flame              Hex/Fire       0%         N/A       99%         3
 Flame Wave               Conj/Fire      0%         2d4       100%        4


Dungeon Overview and Level Annotations

Branches:
Dungeon (4/15)
 Temple: D:4-7

Altars:

Shops:
D:1 =(**

Annotations:
D:4 1 transporter


Innate Abilities, Weirdness & Mutations

You have a pair of horns on your head.
You reflexively headbutt those who attack you in melee.


Message History

The bolt of electricity hits the electric eel.
The electric eel completely resists.
The bolt of electricity hits the electric eel.
The electric eel completely resists.
You are too injured to fight recklessly!
Unknown command.
You are too injured to fight recklessly!
Unknown command.
You are too injured to fight recklessly!
Unknown command.
You are too injured to fight recklessly!
Unknown command.
You are too injured to fight recklessly!
Unknown command.
You are too injured to fight recklessly!
Unknown command.
You feel very mighty all of a sudden.
The electric eel is engulfed in a cloud of scalding steam.
The electric eel shoots out a bolt of lightning at you!
The bolt of electricity hits you!
* * * LOW HITPOINT WARNING * * *
The bolt of electricity hits the electric eel.
The electric eel completely resists.
The bolt of electricity hits the electric eel.
The electric eel completely resists.
A nearby plant withers and dies.
The electric eel shoots out a bolt of lightning at you!
The bolt of electricity misses you.
The bolt of electricity hits the electric eel.
The electric eel completely resists.
The bolt of electricity hits the electric eel.
The electric eel completely resists.
The electric eel is engulfed in a cloud of scalding steam.
You kill the electric eel!
You miss the electric eel. Your headbutt misses the electric eel.
You puncture the electric eel!
The electric eel is heavily wounded.
The electric eel shoots out a bolt of lightning at you!
The bolt of electricity hits you.
You die...

#.##.######..P♣.♣P.P
.................P.###
.....................
....................##
##############.###.##..###
8P#≈≈≈≈≈≈§#≈8#.#[.........
..#)......#..#.........#
©$+...⌠...'.©#©.......<#
..#......@#..#..#...<..#
8P#≈≈≈≈≈≈S#P8#.#.......#
##############.#.#...#.#
...............#.....#.#
##################.#.#.#
#.#!#.# ......#


You could see an electric eel.

Vanquished Creatures
  An electric eel (D:4)
  Robin (D:2)
  An adder (D:2)
  A worm (D:2)
  2 dart slugs
  An orc (D:3)
  6 ball pythons
  3 bats
  3 endoplasms
  2 giant cockroaches
  15 goblins
  8 hobgoblins
  4 jackals (D:1)
  7 quokkas
  3 frilled lizards
  4 kobolds
  3 rats
65 creatures vanquished.

Vanquished Creatures (others)
  2 plants (D:4)
2 creatures vanquished.

Grand Total: 67 creatures vanquished

Notes
Turn   | Place    | Note
-------+----------+-------------------------------------------
     0 | D:1      | Iusername the Minotaur Fighter began the quest for the Orb.
     0 | D:1      | Reached XP level 1. HP: 19/19 MP: 0/0
   141 | D:1      | Reached XP level 2. HP: 25/27 MP: 1/1
   210 | D:1      | Found Cokka's General Store.
   238 | D:1      | Found Vysidotz's General Store.
   457 | D:1      | Found Huczerph's Weapon Boutique.
   558 | D:1      | Found Yhoblumn's Jewellery Boutique.
   970 | D:2      | Reached XP level 3. HP: 29/33 MP: 2/2
  1078 | D:2      | Noticed Robin
  1103 | D:2      | Killed Robin
  1265 | D:2      | Reached XP level 4. HP: 38/40 MP: 3/3
  1848 | D:3      | Found a faded altar of an unknown god.
  2434 | D:4      | Found a transporter.
  2452 | D:4      | Found a transporter.
  2477 | D:4      | Killed from afar by an electric eel

Illustrated notes

Levels and vault maps discovered:
D:1:      giann_wishing_wells, layout_loops_ring, serial_shops, shop, shop,
          nicolae_square_shop, nicolae_shop_stone, minmay_pentomino_p4
D:2:      minmay_angry_zag, layout_loops_ring, chequers_decorated_corner,
          uniq_robin, uniq_jessica
D:3:      layout_basic, ebering_ecumenical_altar_box
D:4:      gammafunk_steamed_eel, layout_basic, ebering_ghost_disaster_area,
          serial_forest, infiniplex_forest_end_3, infiniplex_forest_lined_4_way,
          infiniplex_forest_lined_corner, infiniplex_forest_lined_2,
          infiniplex_forest_straight_4, infiniplex_forest_clump_cross,
          infiniplex_forest_clump_medium

Skill      XL: |  1  2  3 |
---------------+----------+-----
Armour         | 4 |  4.9
Fighting       | 4 |  4.3
Shields        | 4 |  4.1
Polearms       | 3 |  3.8
Short Blades   | |  0.6
Dodging        | |  0.9

Action                   |  1- 3 |  4- 6 || total
-------------------------+-------+-------++-------
Melee: Trident           |    91 |     9 ||   100
       Headbutt          |     9 |     7 ||    16
       Dagger            |       |    28 ||    28
Evoke: Wand              |       |     1 ||     1
  Use: Potion            |       |     1 ||     1
Armor: Scale mail        |    54 |    22 ||    76
Dodge: Dodged            |    66 |    30 ||    96
Block: Buckler           |    20 |    20 ||    40
